Unix NetHack Version 5.0.0-0 post-release - last build May 17 2026 04:57:42 (dc50c8380fa5e20985bfe3072449f57b8d9895ef,branch:main).

Game began 2026-05-19 09:29:09, ended 2026-05-19 10:58:31.

FutureTim, lawful female human Valkyrie

                                     ---
                                    --.---
                                    |....|    ----
        -----                       --...------..`|          ----
        -...---                      |.....--.....|          |..|
      --......--                    --............---        |..---
    ---........--                   |............>..|  -------....|
    |....--.....|                   |...............|---.|.--.....--.    ...
    |....--..*..---  ---            |...............|-..............- . ...
    --....)...%[%.----.--           ---..%..........|...............--.....-
     |..............|...--------      |......%..--.---..............SSe...<|
     --........----........|.|.|   ------......----- --...........).S@.....---
     --...%...--  --...........-----...........|      --........--`.S........--
     |........---  |.................-------..--    ----........--..h.........|
     |.....%.%).-  ---*..........------    |..|    --........................--
     |.....|.....|   ---..............|    ----    |.......|......---........|
     --.|.---.|..     --..............|           --.....----.----- --.......|
      ----- ----      |.....^.........|          --.%...--  ---      |.......|
                      |........|.|...-------------..-----            ---.....|
                      --..|.|.---|.................--                  --.|.--
                       --------  -------------------                    -----
FutureTim the Fighter       St:18/02 Dx:10 Co:18 In:14 Wi:9 Ch:8  Lawful
Dlvl:7  $:47 HP:0(79) Pw:18(18) AC:-2 Xp:7 T:3605 

Latest messages:
 The garter snake bites!
 The garter snake just misses!
 The garter snake bites!
 The garter snake misses!
 The garter snake bites!
 The garter snake misses!
 The garter snake bites!
 The garter snake misses!
 The garter snake bites!
 The garter snake bites!
 The garter snake bites!
 The garter snake misses!
 The garter snake misses!
 The garter snake bites!
 The garter snake misses!
 The garter snake bites!
 The garter snake bites!
 The garter snake bites!
 The garter snake misses!
 The garter snake bites!
 The garter snake misses!
 The garter snake bites!
 The garter snake misses!
 The garter snake bites!
 The garter snake bites!
 The garter snake bites!
 The garter snake misses!
 The garter snake bites!
 The garter snake bites!
 The garter snake bites!
 The garter snake bites!
 The garter snake bites!
 The garter snake misses!
 The garter snake bites!
 The garter snake bites!
 The garter snake bites!
 The garter snake bites!
 The garter snake bites!
 The garter snake bites!
 The garter snake misses!
 The garter snake bites!
 The garter snake bites!
 The garter snake misses!
 The garter snake bites!
 You die...
 Do you want your possessions identified? [ynq] (y) y
 Do you want to see your attributes? [ynq] (y) y
 Do you want an account of creatures vanquished? [ynaq] (y) y
 Do you want to see your conduct and achievements? [ynq] (y) y
 Do you want to see the dungeon overview? [ynq] (y) y

Inventory:
 Coins    ('$')
  $ - 47 gold pieces
 Amulets  ('"')
  x - a cursed amulet of ESP
  s - a cursed amulet of strangulation
 Weapons  (')')
  m - 10 +0 arrows
  u - 7 cursed -1 arrows
  p - a cursed rusty +0 arrow
  n - a cursed -2 bow
  b - a +0 dagger (alternate weapon; not wielded)
  a - a +1 spear (weapon in left hand)
  G - a +0 aklys
  F - a +0 dwarvish mattock
 Armor    ('[')
  O - an uncursed +0 dwarvish iron helm (being worn)
  t - an uncursed +0 pair of iron shoes (being worn)
  c - an uncursed +3 small shield (being worn)
  K - a cursed -2 dwarvish cloak
  T - an uncursed +0 mummy wrapping
  E - a cursed -2 dwarvish mithril-coat (being worn)
 Comestibles  ('%')
  d - 3 uncursed food rations
  k - an uncursed tripe ration
 Scrolls  ('?')
  D - an uncursed scroll of food detection
  L - a cursed scroll of identify
  P - an uncursed scroll of remove curse
 Potions  ('!')
  f - a cursed potion of enlightenment
  h - an uncursed potion of extra healing
  U - an uncursed potion of fruit juice
  g - a cursed potion of full healing
  J - a blessed potion of levitation
 Rings    ('=')
  w - a cursed ring of polymorph
 Wands    ('/')
  C - a wand of secret door detection (0:13)
 Tools    ('(')
  q - an uncursed brass lantern (lit)
  v - an uncursed leash
  Q - a magic marker (0:67)
  e - an uncursed oil lamp
  B - an uncursed skeleton key
  V - a blessed tallow candle
  o - an uncursed tallow candle
  H - an uncursed tin whistle
  r - a cursed tinning kit (0:66)
 Gems/Stones  ('*')
  y - 3 cursed worthless pieces of green glass
  N - 2 uncursed worthless pieces of orange glass
  A - 2 uncursed worthless pieces of violet glass

FutureTim the Valkyrie's attributes:

Background:
 You were a Fighter, a level 7 human Valkyrie.
 You were lawful, nominally on a mission for Tyr
 who was opposed by Odin (neutral) and Loki (chaotic).
 You were left-handed.
 You were in the Gnomish Mines, on level 7.
 You entered the dungeon 3605 turns ago.
 There was a new moon in effect when your adventure ended.
 You had 1033 experience points, 247 more were needed to attain level 8.

Basics:
 You had 0 out of 79 hit points.
 You had all 18 energy points (spell power).
 Your armor class was -2.
 Your wallet contained 47 zorkmids.
 Autopickup was off.

Final Characteristics:
 Your strength was 18/02 (limit:18/100).
 Your dexterity was 10 (limit:18).
 Your constitution was 18 (limit:18).
 Your intelligence was 14 (limit:18).
 Your wisdom was 9 (limit:18).
 Your charisma was 8 (limit:18).

Final Status:
 You weren't hungry.
 You were unencumbered.
 You were wielding a spear.
 You were skilled in spear.

Final Attributes:
 You were piously aligned.
 You were cold resistant.
 You were stealthy.
 You were guarded.
 You were fast.
 You are dead.

Miscellaneous:
 You didn't encounter any bones levels.
 Total elapsed playing time was 1 hour, 19 minutes and 25 seconds.

Major events:
 Turn
    1: FutureTim the lawful human Valkyrie entered the dungeon
 1057: entered the Gnomish Mines
 1061: attained the rank of Skirmisher (level 3)
 2152: reached Mine Town
 2240: attained the rank of Fighter (level 6)
 3605: killed by a garter snake, while frozen by a floating eye's gaze

You didn't know any spells.

Skills:
 Fighting Skills
   bare handed combat [Unskilled]
   two weapon combat  [Unskilled]
   riding             [Unskilled]
 Weapon Skills
   dagger             [Basic]
   axe                [Unskilled]
   pick-axe           [Unskilled]
   short sword        [Unskilled]
   broadsword         [Unskilled]
   long sword         [Unskilled]
   two-handed sword   [Unskilled]
   saber              [Unskilled]
   hammer             [Unskilled]
   quarterstaff       [Unskilled]
   polearms           [Unskilled]
   spear              [Skilled]
   trident            [Unskilled]
   lance              [Unskilled]
   sling              [Unskilled]
 Spellcasting Skills
   attack spells      [Unskilled]
   escape spells      [Unskilled]

Voluntary challenges:
 Character rerolling was not enabled.
 You were an atheist.
 You never genocided any monsters.
 You never polymorphed an object.
 You never changed form.
 You used no wishes.
Achievements:
 You entered a shop.
 You entered the Gnomish Mines.
 You attained the rank of Skirmisher.
 You entered Minetown.
 You attained the rank of Fighter.

 The Dungeons of Doom: levels 1 to 2
    Level 1:
    Level 2:
       An armor shop, some fountains.
       Stairs down to The Gnomish Mines.
 The Gnomish Mines: levels 3 to 7
    Level 3:
    Level 4:
    Level 5:
       Some shops, an altar, some fountains.
    Level 6:
    Level 7: <- You were here.
       Final resting place for
          you, killed by a garter snake, while frozen by a floating eye's gaze.


Vanquished creatures:
 an elf mummy
 an owlbear
  a lizard
  a dust vortex
 an imp
  a quasit
  2 rock piercers
  a shrieker
  8 gnome leaders
  4 gnomish wizards
  a kobold mummy
  2 straw golems
  4 giant ants
  6 dwarves
  3 rothes
  3 dwarf zombies
 an iguana
  6 killer bees
 an acid blob
  a gas spore
  2 hobbits
  a large kobold
  3 giant rats
 33 gnomes
  a gnome zombie
  2 geckos
  5 jackals
  2 kobolds
  a goblin
  a sewer rat
  5 grid bugs
  3 lichens
  2 newts
110 creatures vanquished.

No species were genocided or became extinct.

Game over:
                       ----------
                      /          \
                     /    REST    \
                    /      IN      \
                   /     PEACE      \
                  /                  \
                  |    FutureTim     |
                  |      47 Au       |
                  |   killed by a    |
                  |   garter snake   |
                  |                  |
                  |                  |
                  |       2026       |
                 *|     *  *  *      | *
        _________)/\\_//(\/(/\)/\//\/|_)_______

Farvel FutureTim the Valkyrie...

You died in The Gnomish Mines on dungeon level 7 with 4525 points,
and 47 pieces of gold, after 3605 moves.
You were level 7 with a maximum of 79 hit points when you died.

